TOP OF THE 1ST |
Milwaukee (NYP) Brewers batting - Pitching for Batavia Muckdogs : RHP Carlos Guerrero
|
Pitching: RHP Carlos Guerrero
|
|
Batting: RHB Wiliama Dana
|
0-0: Ground out 6-3 (Groundball, 6, EV 84.4 MPH)
|
Batting: SHB Jerry Duffy
|
0-0: Ball 1-0: Called Strike 1-1: Swinging Strike 1-2: Ball 2-2: Foul Ball, location: 2F 2-2: Foul Ball, location: 2F 2-2: Foul Ball, location: 2F 2-2: Strikes out swinging
|
Batting: RHB Alfredo Sena
|
0-0: Swinging Strike 0-1: Ball 1-1: Swinging Strike 1-2: Strikes out looking
|
Top of the 1st over - 0 runs, 0 hits, 0 errors, 0 left on base; Milwaukee (NYP) 0 - Batavia 0 |
BOTTOM OF THE 1ST |
Batavia Muckdogs batting - Pitching for Milwaukee (NYP) Brewers : RHP Eddie Becerra
|
Pitching: RHP Eddie Becerra
|
|
Batting: SHB Justin Corbett
|
0-0: Foul Ball, location: 2F 0-1: Ball 1-1: Swinging Strike 1-2: Strikes out looking
|
Batting: LHB Danny Treto
|
0-0: Swinging Strike 0-1: Ball 1-1: Ball 2-1: DOUBLE (Line Drive, 7LM, EV 106.2 MPH)
|
Batting: SHB Greg Rivera
|
0-0: Ball 1-0: Ball 2-0: Ground out 4-3 (Groundball, 4, EV 101.2 MPH) Danny Treto to third
|
Batting: RHB Justin Dunham
|
0-0: Ball 1-0: Called Strike 1-1: Ground out 5-3 (Groundball, 56, EV 90.0 MPH)
|
Bottom of the 1st over - 0 runs, 1 hit, 0 errors, 1 left on base; Milwaukee (NYP) 0 - Batavia 0 |
TOP OF THE 2ND |
Milwaukee (NYP) Brewers batting - Pitching for Batavia Muckdogs : RHP Carlos Guerrero
|
Batting: SHB Ramon Perez
|
0-0: Ball 1-0: Called Strike 1-1: Foul Ball, location: 2F 1-2: Strikes out swinging, 2-3 out at first.
|
Batting: LHB John Fortin
|
0-0: Ball 1-0: Swinging Strike 1-1: Ball 2-1: Ball 3-1: Foul Ball, location: 2F 3-2: Strikes out swinging
|
Batting: SHB Sam Bingham
|
0-0: Foul Ball, location: 2F 0-1: Swinging Strike 0-2: Ball 1-2: Ground out U3 (Groundball, 3L, EV 85.6 MPH)
|
Top of the 2nd over - 0 runs, 0 hits, 0 errors, 0 left on base; Milwaukee (NYP) 0 - Batavia 0 |
BOTTOM OF THE 2ND |
Batavia Muckdogs batting - Pitching for Milwaukee (NYP) Brewers : RHP Eddie Becerra
|
Batting: RHB George Boivin
|
0-0: Swinging Strike 0-1: Ball 1-1: Foul Ball, location: 2F 1-2: Ball 2-2: TRIPLE (Groundball, 3L, EV 102.5 MPH)
|
Batting: RHB Andy Kelly
|
0-0: SINGLE (Groundball, 6MD, EV 98.1 MPH) George Boivin scores
|
Batting: RHB Jason Thrash
|
0-0: Called Strike 0-1: Called Strike 0-2: Foul Ball, location: 2F 0-2: Foul Ball, location: 2F 0-2: Fly out, F8 (Flyball, 89S, EV 93.1 MPH)
|
Batting: RHB Hiromitsu Yamada
|
0-0: Called Strike 0-1: Called Strike 0-2: Strikes out swinging
|
Batting: RHB Jeremy Dennis
|
0-0: Foul Ball, location: 2F 0-1: Ball 1-1: Called Strike 1-2: Strikes out swinging
|
Bottom of the 2nd over - 1 run, 2 hits, 0 errors, 1 left on base; Milwaukee (NYP) 0 - Batavia 1 |
TOP OF THE 3RD |
Milwaukee (NYP) Brewers batting - Pitching for Batavia Muckdogs : RHP Carlos Guerrero
|
Batting: LHB Sal Burgos
|
0-0: Ball 1-0: Called Strike 1-1: Ball 2-1: SINGLE (Groundball, 15S, EV 72.5 MPH) (infield hit)
|
Batting: LHB Paul Collins
|
0-0: Called Strike 0-1: SINGLE (Line Drive, 89S, EV 88.8 MPH) Sal Burgos to second Runner from 2nd tries for 3rd, OUT! 8-5
|
Batting: RHB Chris Riddel
|
0-0: Ball 1-0: Called Strike 1-1: Called Strike 1-2: Ball 2-2: Ball 3-2: SINGLE (Groundball, 6D, EV 105.0 MPH) Paul Collins to second
|
Batting: RHB Wiliama Dana
|
0-0: Ball 1-0: Foul Ball, location: 2F 1-1: Fly out, F9 (Line Drive, 9S, EV 95.0 MPH)
|
Batting: SHB Jerry Duffy
|
0-0: Swinging Strike 0-1: Swinging Strike 0-2: Ball 1-2: Ball 2-2: Ball 3-2: Ground out 4-3 (Groundball, 34, EV 84.4 MPH)
|
Top of the 3rd over - 0 runs, 3 hits, 0 errors, 2 left on base; Milwaukee (NYP) 0 - Batavia 1 |
BOTTOM OF THE 3RD |
Batavia Muckdogs batting - Pitching for Milwaukee (NYP) Brewers : RHP Eddie Becerra
|
Batting: SHB Justin Corbett
|
0-0: Called Strike 0-1: Ball 1-1: Ball 2-1: SINGLE (Groundball, 56D, EV 101.9 MPH)
|
Batting: LHB Danny Treto
|
0-0: Called Strike 0-1: Ball Justin Corbett steals 2nd base 1-1: SINGLE (Groundball, 6D, EV 101.9 MPH) Justin Corbett to third
|
Batting: SHB Greg Rivera
|
0-0: Foul Ball, location: 2F 0-1: Ball 1-1: Ball 2-1: Called Strike 2-2: Strikes out swinging
|
Batting: RHB Justin Dunham
|
0-0: Fielders Choice at 2nd, 5-4 (Groundball, 56D, EV 100.0 MPH) Justin Corbett scores
|
Batting: RHB George Boivin
|
0-0: Ball Justin Dunham is caught stealing 2nd base 2-4
|
Bottom of the 3rd over - 1 run, 2 hits, 0 errors, 0 left on base; Milwaukee (NYP) 0 - Batavia 2 |
TOP OF THE 4TH |
Milwaukee (NYP) Brewers batting - Pitching for Batavia Muckdogs : RHP Carlos Guerrero
|
Batting: RHB Alfredo Sena
|
0-0: Ball 1-0: Foul Ball, location: 2F 1-1: SINGLE (Groundball, 4D, EV 102.5 MPH)
|
Batting: SHB Ramon Perez
|
0-0: SINGLE (Groundball, 13, EV 76.2 MPH) (infield hit) Alfredo Sena to second
|
Batting: LHB John Fortin
|
0-0: Ball 1-0: Called Strike 1-1: Ball 2-1: Called Strike 2-2: SINGLE (Groundball, 4M, EV 102.5 MPH) (infield hit) Alfredo Sena to third Ramon Perez to second
|
Batting: SHB Sam Bingham
|
0-0: Ball 1-0: Called Strike 1-1: Fly out, F9 (Flyball, 89M, EV 90.0 MPH)
|
Batting: LHB Sal Burgos
|
0-0: Ball 1-0: Ball 2-0: Fly out, F9 (Flyball, 9LM, EV 103.1 MPH)
|
Batting: LHB Paul Collins
|
0-0: Ball 1-0: Called Strike 1-1: Ball 2-1: SINGLE (Line Drive, 89M, EV 101.2 MPH) Alfredo Sena scores Ramon Perez to third John Fortin to second Runner from 3rd tries for Home, SAFE, throw by RF to home
|
Batting: RHB Chris Riddel
|
0-0: Fielders Choice at 2nd, U6 (Groundball, 6M, EV 88.8 MPH)
|
Top of the 4th over - 2 runs, 4 hits, 0 errors, 2 left on base; Milwaukee (NYP) 2 - Batavia 2 |
BOTTOM OF THE 4TH |
Batavia Muckdogs batting - Pitching for Milwaukee (NYP) Brewers : RHP Eddie Becerra
|
Batting: RHB George Boivin
|
0-0: Swinging Strike 0-1: Ball 1-1: Foul Ball, location: 2F 1-2: Foul Ball, location: 2F 1-2: Foul Ball, location: 2F 1-2: Strikes out swinging
|
Batting: RHB Andy Kelly
|
0-0: Foul Ball, location: 2F 0-1: Swinging Strike 0-2: Foul Ball, location: 2F 0-2: Strikes out looking
|
Batting: RHB Jason Thrash
|
0-0: Fly out, F9 (Flyball, 9LSF, EV 85.0 MPH)
|
Bottom of the 4th over - 0 runs, 0 hits, 0 errors, 0 left on base; Milwaukee (NYP) 2 - Batavia 2 |
TOP OF THE 5TH |
Milwaukee (NYP) Brewers batting - Pitching for Batavia Muckdogs : RHP Carlos Guerrero
|
Batting: RHB Wiliama Dana
|
0-0: Called Strike 0-1: Ground out 3-1 (Groundball, 34S, EV 87.5 MPH)
|
Batting: SHB Jerry Duffy
|
0-0: Swinging Strike 0-1: Ball 1-1: Ground out 5-3 (Groundball, 56, EV 86.9 MPH)
|
Batting: RHB Alfredo Sena
|
0-0: Foul Ball, location: 2F 0-1: Ball 1-1: Ball 2-1: Ball 3-1: SOLO HOME RUN (Flyball, 89XD, EV 98.8 MPH), Distance : 387 ft
|
Batting: SHB Ramon Perez
|
0-0: Ball 1-0: Foul Ball, location: 2F 1-1: Fly out, F9 (Flyball, 9, EV 98.1 MPH)
|
Top of the 5th over - 1 run, 1 hit, 0 errors, 0 left on base; Milwaukee (NYP) 3 - Batavia 2 |
BOTTOM OF THE 5TH |
Batavia Muckdogs batting - Pitching for Milwaukee (NYP) Brewers : RHP Eddie Becerra
|
Batting: RHB Hiromitsu Yamada
|
0-0: Ball 1-0: Ball 2-0: Called Strike 2-1: Swinging Strike 2-2: Foul Ball, location: 2F 2-2: Strikes out swinging
|
Batting: RHB Jeremy Dennis
|
0-0: TRIPLE (Line Drive, 89XD, EV 111.9 MPH)
|
Batting: SHB Justin Corbett
|
0-0: Foul Ball, location: 2F 0-1: Ball 1-1: Foul Ball, location: 2F 1-2: Foul Ball, location: 2F 1-2: Strikes out swinging
|
Batting: LHB Danny Treto
|
0-0: Swinging Strike 0-1: Ball 1-1: Ground out 4-3 (Groundball, 4, EV 102.5 MPH)
|
Bottom of the 5th over - 0 runs, 1 hit, 0 errors, 1 left on base; Milwaukee (NYP) 3 - Batavia 2 |
TOP OF THE 6TH |
Milwaukee (NYP) Brewers batting - Pitching for Batavia Muckdogs : RHP Carlos Guerrero
|
Pitching: RHP Matt Slater
|
|
Batting: LHB John Fortin
|
0-0: Ball 1-0: Fly out, F7 (Flyball, 7S, EV 77.5 MPH)
|
Batting: SHB Sam Bingham
|
0-0: Ground out U3 (Groundball, 3, EV 92.5 MPH)
|
Batting: LHB Sal Burgos
|
0-0: Ball 1-0: Called Strike 1-1: Ball 2-1: Swinging Strike 2-2: Strikes out swinging
|
Top of the 6th over - 0 runs, 0 hits, 0 errors, 0 left on base; Milwaukee (NYP) 3 - Batavia 2 |
BOTTOM OF THE 6TH |
Batavia Muckdogs batting - Pitching for Milwaukee (NYP) Brewers : RHP Eddie Becerra
|
Batting: SHB Greg Rivera
|
0-0: Called Strike 0-1: Called Strike 0-2: Ground out 5-3 (Groundball, 56D, EV 93.1 MPH)
|
Batting: RHB Justin Dunham
|
0-0: SINGLE (Groundball, 34D, EV 103.1 MPH)
|
Batting: RHB George Boivin
|
0-0: Called Strike 0-1: Called Strike 0-2: Strikes out swinging
|
Batting: RHB Andy Kelly
|
0-0: Ball Wild Pitch! Justin Dunham to second 1-0: Ball 2-0: Called Strike 2-1: Foul Ball, location: 2F 2-2: SINGLE (Groundball, 34D, EV 108.8 MPH) Justin Dunham to third Runner from 3rd tries for Home, SAFE, throw by RF to home Andy Kelly to second
|
Pitching: RHP Jesus Cumba
|
|
Batting: RHB Jason Thrash
|
0-0: Ball 1-0: Ball 2-0: Swinging Strike 2-1: Ball 3-1: Foul Ball, location: 2F 3-2: Strikes out looking
|
Bottom of the 6th over - 1 run, 2 hits, 0 errors, 1 left on base; Milwaukee (NYP) 3 - Batavia 3 |
TOP OF THE 7TH |
Milwaukee (NYP) Brewers batting - Pitching for Batavia Muckdogs : RHP Matt Slater
|
Batting: LHB Paul Collins
|
0-0: Foul Ball, location: 2F 0-1: Ball 1-1: Foul Ball, location: 2F 1-2: Strikes out swinging
|
Batting: RHB Chris Riddel
|
0-0: Foul Ball, location: 2F 0-1: Ball 1-1: Ball 2-1: Foul Ball, location: 2F 2-2: Ground out 6-3 (Groundball, 56, EV 88.1 MPH)
|
Batting: RHB Wiliama Dana
|
0-0: Ball 1-0: Swinging Strike 1-1: Ball 2-1: Foul Ball, location: 2F 2-2: Ball 3-2: Base on Balls
|
Batting: SHB Jerry Duffy
|
0-0: Called Strike Wiliama Dana is caught stealing 2nd base 2-6
|
Top of the 7th over - 0 runs, 0 hits, 0 errors, 0 left on base; Milwaukee (NYP) 3 - Batavia 3 |
BOTTOM OF THE 7TH |
Batavia Muckdogs batting - Pitching for Milwaukee (NYP) Brewers : RHP Jesus Cumba
|
Batting: RHB Hiromitsu Yamada
|
0-0: Ball 1-0: Called Strike 1-1: Ball 2-1: Foul Ball, location: 2F 2-2: Foul Ball, location: 2F 2-2: Ground out 6-3 (Groundball, 6D, EV 97.5 MPH)
|
Batting: RHB Jeremy Dennis
|
0-0: Called Strike 0-1: Foul Ball, location: 2F 0-2: Strikes out swinging
|
Batting: SHB Justin Corbett
|
0-0: Called Strike 0-1: Ball 1-1: Foul Ball, location: 2F 1-2: Strikes out swinging
|
Bottom of the 7th over - 0 runs, 0 hits, 0 errors, 0 left on base; Milwaukee (NYP) 3 - Batavia 3 |
TOP OF THE 8TH |
Milwaukee (NYP) Brewers batting - Pitching for Batavia Muckdogs : RHP Matt Slater
|
Batting: SHB Jerry Duffy
|
0-0: Called Strike 0-1: Called Strike 0-2: Fly out, F7 (Flyball, 7, EV 95.6 MPH)
|
Batting: RHB Alfredo Sena
|
0-0: Called Strike 0-1: Ball 1-1: Swinging Strike 1-2: Ball 2-2: Strikes out swinging
|
Batting: SHB Ramon Perez
|
0-0: Foul Ball, location: 2F 0-1: Ball 1-1: Ball 2-1: Foul Ball, location: 2F 2-2: Ball 3-2: Foul Ball, location: 2F 3-2: Ground out 4-3 (Groundball, 34D, EV 98.8 MPH)
|
Top of the 8th over - 0 runs, 0 hits, 0 errors, 0 left on base; Milwaukee (NYP) 3 - Batavia 3 |
BOTTOM OF THE 8TH |
Batavia Muckdogs batting - Pitching for Milwaukee (NYP) Brewers : RHP Jesus Cumba
|
Batting: LHB Danny Treto
|
0-0: Ground out 4-3 (Groundball, 34D, EV 80.6 MPH)
|
Batting: SHB Greg Rivera
|
0-0: Called Strike 0-1: Called Strike 0-2: Strikes out swinging
|
Batting: RHB Justin Dunham
|
0-0: Called Strike 0-1: Ground out 1-3 (Groundball, 13S, EV 61.2 MPH)
|
Bottom of the 8th over - 0 runs, 0 hits, 0 errors, 0 left on base; Milwaukee (NYP) 3 - Batavia 3 |
TOP OF THE 9TH |
Milwaukee (NYP) Brewers batting - Pitching for Batavia Muckdogs : RHP Matt Slater
|
Batting: LHB John Fortin
|
0-0: Foul Ball, location: 2F 0-1: SINGLE (Groundball, 6D, EV 93.8 MPH)
|
Batting: SHB Sam Bingham
|
0-0: Called Strike 0-1: Foul Ball, location: 2F 0-2: Foul Ball, location: 2F 0-2: Ball 1-2: Foul Ball, location: 2F 1-2: Foul Ball, location: 2F 1-2: Ball 2-2: Foul Ball, location: 2F 2-2: Strikes out swinging
|
Pitching: RHP Glen Patterson
|
|
Batting: LHB Sal Burgos
|
0-0: Called Strike 0-1: Foul Ball, location: 2F 0-2: Ball 1-2: Strikes out swinging
|
Batting: LHB Paul Collins
|
0-0: SINGLE (Line Drive, 78S, EV 105.0 MPH) John Fortin to second Runner from 2nd tries for 3rd, SAFE, throw by LF made to third
|
Pinch Hitting: SHB C.J. Olivares
|
0-0: Foul Ball, location: 2F 0-1: SINGLE (Groundball, 34S, EV 85.0 MPH) (infield hit) John Fortin scores Paul Collins to second
|
Batting: RHB Wiliama Dana
|
0-0: Called Strike 0-1: Ball 1-1: Ball 2-1: Ball 3-1: Swinging Strike 3-2: Ground out U3 (Groundball, 34, EV 99.4 MPH)
|
Top of the 9th over - 1 run, 3 hits, 0 errors, 2 left on base; Milwaukee (NYP) 4 - Batavia 3 |
BOTTOM OF THE 9TH |
Batavia Muckdogs batting - Pitching for Milwaukee (NYP) Brewers : RHP Jesus Cumba
|
Pitching: RHP Dan Patino
|
|
Now at C: Dusty Bates
|
|
Now at 1B: Umar Matoub
|
|
Now in LF: Paul Collins
|
|
Batting: RHB George Boivin
|
0-0: Called Strike 0-1: Ground out 6-3 (Groundball, 56, EV 96.2 MPH)
|
Batting: RHB Andy Kelly
|
0-0: Ball 1-0: Foul Ball, location: 2F 1-1: Swinging Strike 1-2: Ball 2-2: Ground out U3 (Groundball, 3L, EV 100.0 MPH)
|
Batting: RHB Jason Thrash
|
0-0: Ground out 4-3 (Groundball, 34S, EV 68.8 MPH)
|
Bottom of the 9th over - 0 runs, 0 hits, 0 errors, 0 left on base; Milwaukee (NYP) 4 - Batavia 3 |
|